 Dungeon Crawl Stone Soup version 0.30-a0-591-g3c58d2bc28 (webtiles) character file.

Game seed: 18088516623674946405

53 ryw the Grave Robber (level 3, -2/26 HPs)
             Began as a Hill Orc Necromancer on Jan 5, 2023.
             Slain by a white imp (4 damage)
             ... on level 3 of the Dungeon.
             The game lasted 00:02:52 (2138 turns).

ryw the Grave Robber (Hill Orc Necromancer)         Turns: 2138, Time: 00:02:53

Health: -2/26      AC:  2    Str: 10    XL:     3   Next: 89%
Magic:  6/6        EV: 12    Int: 23    God:
Gold:   127        SH:  0    Dex: 11    Spells: 2/6 levels left

rFire   . . .      SeeInvis .    d - +0 dagger
rCold   . . .      Faith    .    (no shield)
rNeg    . . .      Spirit   .    a - +0 robe
rPois   .          Reflect  .    (no helmet)
rElec   .          Harm     .    (no cloak)
rCorr   .          Rampage  .    (no gloves)
Will    .....                    (no boots)
Stlth   ++                       (no amulet)
HPRegen 0.24/turn                e - +6 ring of intelligence
MPRegen 0.10/turn                (no ring)

@: no status effects
A: no striking features
a: no special abilities


You were on level 3 of the Dungeon.
You visited 1 branch of the dungeon, and saw 3 of its levels.

You collected 127 gold pieces.

Inventory:

Hand Weapons
 d - a +0 dagger (weapon)
Armour
 a - a +0 robe (worn)
Jewellery
 e - a +6 ring of intelligence (left hand)
Scrolls
 c - 3 scrolls of teleportation {unknown}
 h - a scroll of blinking {unknown}
Potions
 b - a potion of magic
 f - 2 potions of attraction {unknown}
 g - a potion of flight {unknown}
 i - a potion of curing {unknown}
 j - a potion of invisibility {unknown}


   Skills:
 - Level 1.5 Dodging
 - Level 1.5 Stealth
 + Level 2.1 Spellcasting
 * Level 5.0 Necromancy


You had 2 spell levels left.
You knew the following spells:

 Your Spells              Type           Power      Damage    Failure   Level
a - Necrotise             Necr           100%       1d9       1%          1
b - Vampiric Draining     Necr           25%        2d7       4%          3

Your spell library contained the following spells:

 Spells                   Type           Power      Damage    Failure   Level
 Cigotuvi's Dreadful Rot  Necr/Pois/Air  20%        N/A       10%         2
 Poisonous Vapours        Pois/Air       4%         N/A       19%         2
 Animate Dead             Necr           25%        N/A       16%         4
 Mephitic Cloud           Conj/Pois/Air  2%         N/A       36%         3
 Agony                    Necr           25%        N/A       41%         5


Dungeon Overview and Level Annotations

Branches:
Dungeon (3/15)

Altars:

Shops:
D:2 (


Message History

Found a stone staircase leading down.
Your goblin skeleton crumbles into dust!
You open the door.
There is an open door here.
You open the door.
Found 2 stones.
There is an open door here.
There is an open door here.
There is a stone staircase leading up here.
A white imp comes into view.
The white imp shouts, "Scamper home, thou foppish full-gorged simpleton!"
Casting: Necrotise (safe; 1% risk of failure)
Confirm with . or Enter, or press ? or * to list all spells.
Aiming: Necrotise (safe; 1% risk of failure)
Press: ? - help, Shift-Dir - straight line, f - you That beam is likely to hit you.
Continue anyway?
Okay, then.
The white imp gestures at you. The puff of frost hits you!
The white imp grinds its teeth.
The white imp gestures at you. The puff of frost misses you.
The white imp gestures at you. The puff of frost misses you.
The white imp misses you.
You hit the white imp but do no damage. The white imp completely misses you.
You hit the white imp.
The white imp is lightly wounded.
The white imp gestures at you. The puff of frost hits you!
* * * LOW HITPOINT WARNING * * *
You closely miss the white imp.
The white imp is lightly wounded.
The white imp barely misses you.
You barely miss the white imp.
The white imp is lightly wounded.
The white imp hits you.
* * * LOW HITPOINT WARNING * * *
The white imp freezes you.
You die...

#.#.......#.#...
#.#..##.#...#..##
#.#..#......#...
#.#..####<#.#.##
#.#............#
#.##........#..#
#..........##..#
#.###########.##..#
#..5@..........##.#
.........#######..#
.#
########.#######..#
.# #.##.......# .#
#.##.#####.# #.##.#
#.# #.##.# #.#
#.##.# #.# #.# #.#


You could see a white imp.

Vanquished Creatures
  2 adders (D:2)
  A worm (D:2)
  A ball python (D:2)
  5 bats (D:1)
  An endoplasm (D:1)
  A giant cockroach (D:2)
  3 goblins
  2 hobgoblins
  2 quokkas (D:1)
  2 frilled lizards
  A kobold (D:1)
  3 rats
24 creatures vanquished.

Vanquished Creatures (collateral kills)
  A dart slug (D:1)
  An endoplasm (D:1)
  A giant cockroach (D:1)
  A ball python (D:1)
  A frilled lizard (D:1)
  A rat (D:1)
6 creatures vanquished.

Grand Total: 30 creatures vanquished

Notes
Turn   | Place    | Note
-------+----------+-------------------------------------------
     0 | D:1      | ryw the Hill Orc Necromancer began the quest for the Orb.
     0 | D:1      | Reached XP level 1. HP: 14/14 MP: 3/3
   247 | D:1      | Reached XP level 2. HP: 19/20 MP: 0/4
   334 | D:1      | Found a faded altar of an unknown god.
   564 | D:1      | Reached XP level 3. HP: 26/26 MP: 3/5
   573 | D:1      | Learned a level 3 spell: Vampiric Draining
   904 | D:2      | Found Seomap's Weapon Shop.
  1931 | D:3      | Reached skill level 5 in Necromancy
  2138 | D:3      | Slain by a white imp

Illustrated notes

Levels and vault maps discovered:
D:1:      dpeg_arrival_erosion, layout_basic,
          chequers_ecumenical_altar_simple_redux, minmay_misc_feat_doors
D:2:      layout_loops_corners, serial_shops, nicolae_shop_waterfront
D:3:      layout_basic

Skill      XL: |  1  2  3 |
---------------+----------+-----
Spellcasting   | 2 |  2.1
Necromancy     | 5 |  5.0
Dodging        | |  1.5
Stealth        | |  1.5

Action                   || total
-------------------------++-------
Melee: Unarmed           ||    31
       Dagger            ||     9
 Cast: Necrotise         ||    46
Armor: Robe              ||     7
Dodge: Dodged            ||    41

Table legend: (Time is in decaauts)
 A = Elapsed time spent in this place.
 B = Non-inter-level travel time spent in this place.
 C = Inter-level travel time spent in this place.
 D = Time resting spent in this place.
 E = Time spent auto-exploring this place.
 F = Levels seen in this place.
 G = Mean time per level.
                   A        B        C        D        E       F      G
               +--------+--------+--------+--------+--------+-----+--------+
         Total |   2136 |   2104 |     32 |     76 |   1806 |   3 |  712.0 |
       Dungeon |   2136 |   2104 |     32 |     76 |   1806 |   3 |  712.0 |
               +--------+--------+--------+--------+--------+-----+--------+

Top non-repeatable levels by time:
     D:2: 993 daAuts
     D:1: 871 daAuts
     D:3: 271 daAuts
